 Dungeon Crawl Stone Soup version 0.28.0-1-gb440e238dd (webtiles) character file.

Game seed: 9116727368791596167

53 zeram the Sneak (level 3, 0/21 HPs)
             Began as an Octopode Enchanter on Feb 24, 2022.
             Constricted to death by a ball python (1 damage)
             ... on level 2 of the Dungeon.
             The game lasted 00:02:22 (2044 turns).

zeram the Sneak (Octopode Enchanter)                Turns: 2044, Time: 00:02:23

Health: 0/21       AC:  1    Str:  7    XL:     3   Next: 87%
Magic:  6/6        EV: 10    Int: 19    God:
Gold:   73         SH:  0    Dex: 12    Spells: 1/6 levels left

rFire   . . .      SeeInvis .   a - +1 dagger
rCold   . . .      Faith    .   (no shield)
rNeg    . . .      Spirit   .   (helmet restricted)
rPois   .          Reflect  .   (no amulet)
rElec   .          Harm     .   (no ring)
rCorr   .          Rampage  .   (no ring)
Will    .....                   (no ring)
Stlth   ++++......              (no ring)
HPRegen 0.07/turn               (no ring)
MPRegen 0.10/turn               (no ring)
                                (no ring)
                                (no ring)

@: constricted
A: almost no armour, amphibious, 8 rings, camouflage 1, gelatinous body 1,
(nimble swimmer 1), tentacles
a: no special abilities


You were on level 2 of the Dungeon.
You visited 1 branch of the dungeon, and saw 2 of its levels.

You collected 73 gold pieces.

Inventory:

Hand Weapons
 a - a +1 dagger (weapon)
Scrolls
 c - 2 scrolls of magic mapping
Potions
 e - a potion of flight


   Skills:
 + Level 1.3 Short Blades
 + Level 2.1 Dodging
 + Level 5.3 Stealth
 + Level 2.1 Spellcasting
 + Level 3.5 Hexes


You had one spell level left.
You knew the following spells:

 Your Spells              Type           Power      Damage    Failure   Level
a - Ensorcelled Hibernat  Hex/Ice        16%        N/A       12%         2
b - Tukima's Dance        Hex            15%        N/A       12%         3

Your spell library contained the following spells:

 Spells                   Type           Power      Damage    Failure   Level
 Foxfire                  Conj/Fire      8%         2x1d4     17%         1
 Confusing Touch          Hex            15%        N/A       12%         3
 Dazzling Flash           Conj/Hex       16%        N/A       24%         3
 Gell's Gravitas          Tloc           2%         N/A       45%         3
 Lesser Beckoning         Tloc           2%         N/A       45%         3
 Teleport Other           Tloc           2%         N/A       45%         3


Dungeon Overview and Level Annotations

Branches:
Dungeon (2/15)

Altars:

Shops:
D:1 ?

Annotations:
D:2 Robin


Innate Abilities, Weirdness & Mutations

You cannot wear most types of armour.
You are amphibious.
You can wear up to eight rings at the same time.
Your skin changes colour to match your surroundings (Stealth+).
Your rubbery body absorbs attacks. (AC +1, EV +1)
((You are camouflaged when in or above water. (Stealth+)))
You have tentacles for arms and can constrict up to eight enemies at once.


Message History

(D) Dungeon
Where to? (Enter - D:2, ? - help)
There is a stone staircase leading down here.
You climb downwards.
Level annotation: Robin
There is a stone staircase leading up here.
Things that are here:
a +0 club; a goblin skeleton
Things that are here:
a +0 dagger; a +0 club; a goblin skeleton
Items here: ) ÷÷÷.
Found a stone staircase leading down.
A rat is nearby!
A rat is nearby!
A rat is nearby!
A ball python comes into view.
Robin shouts!
The goblin shouts!
The rat bites you.
The goblin shouts!
The ball python hisses angrily.
You hit the rat.
You kill the rat!
Unknown command.
Unknown command.
Robin throws the goblin at you! The goblin hits you with a +0 dagger.
Robin throws the goblin at you! The goblin hits you with a +0 dagger.
The ball python bites you. The ball python closely misses you.
You hit the goblin but do no damage. Your grab misses the goblin.
Your squeeze misses the goblin. The goblin hits you with a +0 dagger.
The ball python bites you.
* * * LOW HITPOINT WARNING * * *
The ball python grabs you. The ball python constricts you.
* * * LOW HITPOINT WARNING * * *
The goblin hits you with a +0 dagger.
* * * LOW HITPOINT WARNING * * *
You hit the goblin. Your grab misses the goblin. You squeeze the goblin.
You kill the goblin!
The ball python bites you.
* * * LOW HITPOINT WARNING * * *
The ball python constricts you.
You die...

#.# ##...#####...###
#.# ###..####......#.
#.#####.......#.#...#.#
#.....#.......#.#..##†#
#####.#.......# #..##.#
#.........# #......
###.g.....# ##.####
##g......# #.#
#@S†...... #.
#)##.>#### ..# .....
#### .#### #


You could see Robin, a goblin and a ball python.

Vanquished Creatures
  2 adders (D:2)
  A worm (D:2)
  4 endoplasms
  2 giant cockroaches
  8 goblins
  2 hobgoblins (D:2)
  2 quokkas (D:2)
  A ball python (D:1)
  2 frilled lizards (D:1)
  2 kobolds (D:1)
  6 rats
32 creatures vanquished.

Notes
Turn   | Place    | Note
-------+----------+-------------------------------------------
     0 | D:1      | zeram the Octopode Enchanter began the quest for the Orb.
     0 | D:1      | Reached XP level 1. HP: 11/11 MP: 3/3
   207 | D:1      | Found a faded altar of an unknown god.
   215 | D:1      | Got Plato's Incunabulum of Confrontation
   250 | D:1      | Found Taklaic's Magic Scroll Shoppe.
   265 | D:1      | Reached XP level 2. HP: 15/17 MP: 5/5
   979 | D:2      | Reached XP level 3. HP: 21/21 MP: 6/6
   982 | D:2      | Learned a level 2 spell: Ensorcelled Hibernation
   986 | D:2      | Learned a level 3 spell: Tukima's Dance
   995 | D:2      | Reached skill level 5 in Stealth
  1662 | D:2      | Noticed Robin
  2044 | D:2      | HP: 1/21 [ball python (2)]
  2044 | D:2      | Constricted to death by a ball python

Illustrated notes

Levels and vault maps discovered:
D:1:      dpeg_arrival_fog, layout_loops_cross, serial_shops,
          nicolae_shop_statue_plus, shapermc_ecumenical_altar_rom_forum
D:2:      layout_loops_ring, uniq_robin

Skill      XL: |  1  2  3 |
---------------+----------+-----
Stealth        | 5 |  5.3
Short Blades   | |  1.3
Dodging        | |  2.1
Spellcasting   | |  2.1
Hexes          | |  3.5

Action                   || total
-------------------------++-------
Melee: Dagger            ||    64
       Tentacles         ||    16
       Constrict         ||    13
  Use: Scroll            ||     3
       Potion            ||     1
 Stab: Sleeping          ||     7
Armor: Skin              ||     8
Dodge: Dodged            ||    30
